Islander vs Checkers

Created - March 26, 2025 at 19:17

Goals
1 2 3 T
Islander 0 0 3 3
Checkers 0 0 1 1
Shots
1 2 3 T
Islander 11 4 8 23
Checkers 3 12 6 21

1st period

No Goal

Penalties :
No Penalty

2nd period

No Goal

Penalties :
Tyrell Goulbourne (BRI) for Slashing (Minor) at 0:45, Alexander Romanov (Cha) for Slashing (Minor) at 5:35, Dylan Gambrell (Cha) for Roughing (Minor) at 14:25, Roberts Lipsbergs (Cha) for Cross-checking (Minor) at 17:56

3rd period

1. Islander , Oliver Kylington 16 (Rhett Gardner 33) at 4:13 (PP)
2. Checkers , Nick Abruzzese 17 (Matias Maccelli 28, Timothy Liljegren 47) at 13:52
3. Islander , Rhett Gardner 19 (Jake Walman 19) at 18:08
4. Islander , Ben Thomson 29 (Joe Labate 43, Austin Watson 30) at 19:40

Penalties :
Dylan Gambrell (Cha) for Interference (Minor) at 3:41, Patrick Brown (Cha) for Hooking (Minor) at 5:59, Viktor Baldayev (Cha) for Tripping (Minor) at 11:33, Austin Watson (BRI) for Slashing (Minor) at 14:08, Brendan Leipsic (Cha) for High sticking (Minor) at 19:43

Goalie Stats

Kaapo Kahkonen (BRI), 20 saves from 21 shots - (0.952), W, 18-18-4, 60:00 minutes
Brandon Halverson (Cha), 20 saves from 23 shots - (0.870), L, 3-2-0, 60:00 minutes

Players Stats for Islander

Player Name              G  A  P  +/- PIM S  H  SB GA TA FO     MP     PP MP  PK MP  
------------------------------------------------------------------------------------
Alex Steeves             0  0  0  -1  0   2  1  0  0  0  3/5    11:07   0:19   0:36 
Austin Watson            0  1  1   1  2   3  1  0  0  0  1/1    20:48   5:24   0:00 
Ben Thomson              1  0  1   1  0   2  0  0  0  0  0/1    23:08   5:23   2:27 
Casey Staum              0  0  0  -1  0   0  2  0  0  1  0/0    21:27   4:49   1:32 
Filip Zadina             0  0  0  -1  0   3  0  0  2  0  0/0    11:09   0:36   0:00 
Jake Walman              0  1  1   2  0   0  2  5  1  0  0/0    25:39   5:46   2:26 
Jakub Galvas             0  0  0  -1  0   2  1  1  0  0  0/0    21:46   4:51   1:32 
Joe Labate               0  1  1   1  0   2  6  0  1  0  12/26  23:07   5:25   2:24 
Kirill Marchenko         0  0  0   1  0   1  0  0  0  0  1/1    16:46   4:38   0:00 
Noah Cates               0  0  0   0  0   1  3  0  0  0  0/0     9:44   0:39   1:24 
Oliver Kylington         1  0  1   2  0   3  0  0  0  1  0/0    25:39   5:46   2:26 
Philip Tomasino          0  0  0   0  0   0  1  0  0  1  2/2     7:14   0:00   0:00 
Radovan Bondra           0  0  0   0  0   0  0  0  0  0  1/1     7:57   0:29   0:00 
Rhett Gardner            1  1  2   1  0   2  2  0  3  0  2/9    17:28   4:38   0:36 
Ronnie Attard            0  0  0   0  0   0  0  0  0  0  0/0    12:52   0:06   0:00 
Steven Spinner           0  0  0  -1  0   0  1  0  1  0  0/1    10:12   0:00   0:00 
Tyrell Goulbourne        0  0  0   1  2   2  2  1  1  0  0/0    17:20   4:38   0:29 
Ville Heinola            0  0  0   0  0   0  0  0  0  0  0/0    12:37   0:08   0:00 

Players Stats for Checkers

Player Name              G  A  P  +/- PIM S  H  SB GA TA FO     MP     PP MP  PK MP  
------------------------------------------------------------------------------------
Alexander Romanov        0  0  0  -1  2   0  2  1  0  0  0/0    13:04   0:00   0:44 
Austin Poganski          0  0  0   1  0   0  3  0  0  1  0/0    16:39   1:49   2:22 
Brendan Leipsic          0  0  0   0  2   2  0  0  0  0  0/0    12:00   0:00   1:42 
Dylan Gambrell           0  0  0  -2  4   1  0  0  0  0  12/20  18:42   2:09   2:23 
Kieffer Bellows          0  0  0   0  0   0  0  0  0  0  0/0    10:18   0:00   0:00 
Matias Maccelli          0  1  1   1  0   3  4  0  0  0  1/1    14:08   1:49   0:00 
Michael Anderson         0  0  0  -1  0   1  3  1  0  0  0/0    16:30   1:25   4:30 
Mitchell Heard           0  0  0   0  0   2  4  1  0  0  8/15   16:48   0:00   6:12 
Moritz Seider            0  0  0   0  0   0  1  0  0  1  0/0    17:47   1:25   0:00 
Nathan Walker            0  0  0  -2  0   3  3  3  1  0  0/1    19:35   2:09   3:14 
Nick Abruzzese           1  0  1   1  0   5  1  0  0  0  1/3    14:22   1:49   0:14 
Patrick Brown            0  0  0  -2  2   2  2  0  0  1  2/2    21:49   2:09   5:19 
Roberts Lipsbergs        0  0  0   0  2   0  3  0  0  0  0/0     8:15   0:00   0:00 
Ryan Pulock              0  0  0   0  0   0  0  1  0  4  0/0    27:12   2:33   6:13 
Shane Bowers             0  0  0   0  0   1  0  0  0  0  1/4     8:12   0:00   0:00 
Timothy Liljegren        0  1  1   0  0   1  0  1  0  1  0/0    23:48   2:33   5:01 
Tyce Thompson            0  0  0   0  0   0  1  0  0  0  0/1     8:12   0:00   0:00 
Viktor Baldayev          0  0  0   0  2   0  4  2  2  1  0/0    21:49   0:00   4:58 

3 Stars

1 - Rhett Gardner (BRI)
2 - Jake Walman (BRI)
3 - Joe Labate (BRI)

Power Play

Islander - 1 on 7 Attempt(s) - 14.29%
Checkers - 0 on 2 Attempt(s) - 0.00%

Penalty Kill

Islander - 2 on 2 Attempt(s) - 100.00% - Score 0 goal in Penalty Kill
Checkers - 6 on 7 Attempt(s) - 85.71% - Score 0 goal in Penalty Kill

Team Stat

Islander - Hits : 22 - Faceoff Wins : 22 - Blocked Shots : 7 - Penalty Minutes : 4
Checkers - Hits : 31 - Faceoff Wins : 25 - Blocked Shots : 10 - Penalty Minutes : 14

Official

Referees : Kelly Sutherland and Chris Lee
Linesman : Derek Amell and Libor Suchanek

Game Notes

No Game Note

Finance

Level 1 -- Attendance: 1695 (84.75%) -- Ticket Income $118,650
Level 2 -- Attendance: 1000 (100.00%) -- Ticket Income $40,000
Total Attendance: 2695 (89.83%)
Total Ticket Income: $158,650
Other Income: $7,932
Total Income: $166,582

Islander

5 vs 5 Forward 
   Center                   Left Wing                Right Wing               Time % Phy DF OF 
 1 Joe Labate               Ben Thomson              Austin Watson            40     1   2  2  
 2 Rhett Gardner            Tyrell Goulbourne        Kirill Marchenko         30     1   2  2  
 3 Alex Steeves             Filip Zadina             Steven Spinner           20     1   2  2  
 4 Philip Tomasino          Noah Cates               Radovan Bondra           10     1   2  2  

5 vs 5 Defense 
   Defense                  Defense                                           Time % Phy DF OF 
 1 Oliver Kylington         Jake Walman                                       40     1   2  2  
 2 Jakub Galvas             Casey Staum                                       30     1   2  2  
 3 Ronnie Attard            Ville Heinola                                     20     1   2  2  
 4 Oliver Kylington         Jake Walman                                       10     1   2  2  

PowerPlay Forward 
   Center                   Left Wing                Right Wing               Time % Phy DF OF 
 1 Joe Labate               Ben Thomson              Austin Watson            60     1   2  2  
 2 Rhett Gardner            Tyrell Goulbourne        Kirill Marchenko         40     1   2  2  

PowerPlay Defense
   Defense                  Defense                                           Time % Phy DF OF 
 1 Oliver Kylington         Jake Walman                                       60     1   2  2  
 2 Jakub Galvas             Casey Staum                                       40     1   2  2  

Penalty Kill 4 Players Forward 
   Center                   Wing                     Time % Phy DF OF 
 1 Joe Labate               Ben Thomson              60     1   2  2  
 2 Rhett Gardner            Tyrell Goulbourne        40     1   2  2  

Penalty Kill 4 Players Defense
   Defense                  Defense                  Time % Phy DF OF 
 1 Oliver Kylington         Jake Walman              60     1   2  2  
 2 Jakub Galvas             Casey Staum              40     1   2  2  

Penalty Kill - 3 Players Forward 
   Forward                                           Time % Phy DF OF 
 1 Joe Labate                                        60     1   2  2  
 2 Rhett Gardner                                     40     1   2  2  

Penalty Kill - 3 Players Defense
   Defense                  Defense                  Time % Phy DF OF 
 1 Oliver Kylington         Jake Walman              60     1   2  2  
 2 Jakub Galvas             Casey Staum              40     1   2  2  

4 vs 4 Forward 
   Center                   Wing                     Time % Phy DF OF 
 1 Joe Labate               Ben Thomson              60     1   2  2  
 2 Rhett Gardner            Tyrell Goulbourne        40     1   2  2  

4 vs 4 Defense
   Defense                  Defense                  Time % Phy DF OF 
 1 Oliver Kylington         Jake Walman              60     1   2  2  
 2 Jakub Galvas             Casey Staum              40     1   2  2  

Last Minutes Offensive
   Center                   Left Wing                Right Wing               Defense                  Defense                  
   Joe Labate               Ben Thomson              Austin Watson            Oliver Kylington         Jake Walman              

Last Minutes Defensive
   Center                   Left Wing                Right Wing               Defense                  Defense                  
   Joe Labate               Ben Thomson              Austin Watson            Oliver Kylington         Jake Walman              

Goaltenders
Starting : Kaapo Kahkonen           
Backup : Chris Driedger           

Extra Forwards
Normal : Tyrell Goulbourne, Filip Zadina, Kirill Marchenko - PP : Tyrell Goulbourne, Filip Zadina - PK : Tyrell Goulbourne
Extra Defensemen
Normal : Casey Staum, Ronnie Attard, Ville Heinola - PP : Casey Staum - PK : Casey Staum, Ronnie Attard
Penalty Shots
Austin Watson, Joe Labate, Ben Thomson, Rhett Gardner, Tyrell Goulbourne
Custom OT Lines Forwards
Austin Watson, Joe Labate, Ben Thomson, Rhett Gardner, Tyrell Goulbourne, Filip Zadina, Kirill Marchenko, Noah Cates, Steven Spinner, Alex Steeves
Custom OT Lines Defensemen
Oliver Kylington, Jake Walman, Jakub Galvas, Casey Staum, Ronnie Attard

Scratches
Alexander Yelesin (Healthy), Connor Dewar (Healthy), Jaden Lindo (Healthy), Slater Koekkoek (Healthy), Ross Colton (Sprained Left Finger Injury)
Cole Koepke (Healthy), Marcus Davidsson (Healthy), Pavel Koltygin (Healthy), Frederik Dichow (Healthy)

Checkers

5 vs 5 Forward 
   Center                   Left Wing                Right Wing               Time % Phy DF OF 
 1 Dylan Gambrell           Nathan Walker            Patrick Brown            40     0   2  3  
 2 Nick Abruzzese           Matias Maccelli          Austin Poganski          30     0   2  3  
 3 Mitchell Heard           Brendan Leipsic          Kieffer Bellows          20     0   2  3  
 4 Shane Bowers             Roberts Lipsbergs        Tyce Thompson            10     0   2  3  

5 vs 5 Defense 
   Defense                  Defense                                           Time % Phy DF OF 
 1 Timothy Liljegren        Ryan Pulock                                       40     0   2  3  
 2 Viktor Baldayev          Moritz Seider                                     30     0   2  3  
 3 Alexander Romanov        Michael Anderson                                  20     1   2  2  
 4 Timothy Liljegren        Ryan Pulock                                       10     0   2  3  

PowerPlay Forward 
   Center                   Left Wing                Right Wing               Time % Phy DF OF 
 1 Dylan Gambrell           Nathan Walker            Patrick Brown            60     0   1  4  
 2 Nick Abruzzese           Matias Maccelli          Austin Poganski          40     0   1  4  

PowerPlay Defense
   Defense                  Defense                                           Time % Phy DF OF 
 1 Timothy Liljegren        Ryan Pulock                                       60     0   2  3  
 2 Moritz Seider            Michael Anderson                                  40     0   2  3  

Penalty Kill 4 Players Forward 
   Center                   Wing                     Time % Phy DF OF 
 1 Mitchell Heard           Patrick Brown            60     1   3  1  
 2 Dylan Gambrell           Nathan Walker            40     1   3  1  

Penalty Kill 4 Players Defense
   Defense                  Defense                  Time % Phy DF OF 
 1 Viktor Baldayev          Ryan Pulock              60     1   4  0  
 2 Timothy Liljegren        Michael Anderson         40     1   4  0  

Penalty Kill - 3 Players Forward 
   Forward                                           Time % Phy DF OF 
 1 Mitchell Heard                                    60     1   3  1  
 2 Patrick Brown                                     40     1   3  1  

Penalty Kill - 3 Players Defense
   Defense                  Defense                  Time % Phy DF OF 
 1 Viktor Baldayev          Ryan Pulock              60     1   4  0  
 2 Timothy Liljegren        Michael Anderson         40     1   4  0  

4 vs 4 Forward 
   Center                   Wing                     Time % Phy DF OF 
 1 Dylan Gambrell           Nathan Walker            60     0   2  3  
 2 Nick Abruzzese           Matias Maccelli          40     0   2  3  

4 vs 4 Defense
   Defense                  Defense                  Time % Phy DF OF 
 1 Timothy Liljegren        Ryan Pulock              60     0   2  3  
 2 Viktor Baldayev          Moritz Seider            40     0   2  3  

Last Minutes Offensive
   Center                   Left Wing                Right Wing               Defense                  Defense                  
   Dylan Gambrell           Nathan Walker            Patrick Brown            Timothy Liljegren        Ryan Pulock              

Last Minutes Defensive
   Center                   Left Wing                Right Wing               Defense                  Defense                  
   Dylan Gambrell           Nathan Walker            Patrick Brown            Viktor Baldayev          Ryan Pulock              

Goaltenders
Starting : Brandon Halverson        
Backup : Joseph Woll              

Extra Forwards
Normal : Matias Maccelli, Nathan Walker, Dylan Gambrell - PP : Nathan Walker, Matias Maccelli - PK : Austin Poganski
Extra Defensemen
Normal : Michael Anderson, Timothy Liljegren, Ryan Pulock - PP : Moritz Seider - PK : Timothy Liljegren, Viktor Baldayev
Penalty Shots
Matias Maccelli, Dylan Gambrell, Nathan Walker, Patrick Brown, Nick Abruzzese
Custom OT Lines Forwards
Patrick Brown, Dylan Gambrell, Nathan Walker, Matias Maccelli, Mitchell Heard, Roberts Lipsbergs, Austin Poganski, Kieffer Bellows, Nick Abruzzese, Brendan Leipsic
Custom OT Lines Defensemen
Timothy Liljegren, Ryan Pulock, Viktor Baldayev, Michael Anderson, Alexander Romanov

Scratches
Brett Pollock (Healthy), Jordan Harris (Healthy), Jared McIsaac (Healthy), Mikhail Abramov (Healthy), Mattias Norlinder (Healthy)
Nathan Legare (Healthy), Arvid Soderblom (Healthy), Kirill Ustimenko (Healthy)

% Time on Ice - Islander

Lines # - Real PCT - Wanted PCT - Time Play
Normal Forward
1 - 33% - 40% - 14:47
2 - 28% - 30% - 12:14
3 - 23% - 20% - 10:12
4 - 16% - 10% - 7:14
Normal Defense
1 - 39% - 40% - 17:14
2 - 35% - 30% - 15:23
3 - 24% - 20% - 10:37
4 - 3% - 10% - 1:13
PP Forward
1 - 54% - 60% - 5:46
2 - 46% - 40% - 4:57
PP Defense
1 - 55% - 60% - 5:56
2 - 45% - 40% - 4:47
PK Forward
1 - 85% - 60% - 3:22
2 - 15% - 40% - 0:36
PK Defense
1 - 61% - 60% - 2:26
2 - 39% - 40% - 1:32
PK3 Forward
1 - 0% - 60%
2 - 0% - 40%
PK3 Defense
1 - 0% - 60%
2 - 0% - 40%
44 Forward
1 - 0% - 60%
2 - 0% - 40%
44 Defense
1 - 0% - 60%
2 - 0% - 40%
Last Minute Offensive  - 0:00
Last Minute Defensive  - 0:52
Total
Forward - 60:00
Defense - 60:00

% Time on Ice - Checkers

Lines # - Real PCT - Wanted PCT - Time Play
Normal Forward
1 - 30% - 40% - 13:31
2 - 28% - 30% - 12:27
3 - 23% - 20% - 10:18
4 - 18% - 10% - 8:12
Normal Defense
1 - 36% - 40% - 15:56
2 - 35% - 30% - 15:32
3 - 23% - 20% - 10:02
4 - 7% - 10% - 2:58
PP Forward
1 - 54% - 60% - 2:09
2 - 46% - 40% - 1:49
PP Defense
1 - 64% - 60% - 2:33
2 - 36% - 40% - 1:25
PK Forward
1 - 76% - 60% - 8:10
2 - 24% - 40% - 2:33
PK Defense
1 - 65% - 60% - 6:57
2 - 35% - 40% - 3:46
PK3 Forward
1 - 0% - 60%
2 - 0% - 40%
PK3 Defense
1 - 0% - 60%
2 - 0% - 40%
44 Forward
1 - 0% - 60%
2 - 0% - 40%
44 Defense
1 - 0% - 60%
2 - 0% - 40%
Last Minute Offensive  - 0:51
Last Minute Defensive  - 0:00
Total
Forward - 60:00
Defense - 60:00

Play-by-Play

1st period


0:01 of 1st period - Dylan Gambrell wins face-off versus Joe Labate in neutral zone.
0:04 of 1st period - Snap shot by Dylan Gambrell.
0:04 of 1st period - Shot Misses the Net.
0:12 of 1st period - Snap shot by Ben Thomson.
0:12 of 1st period - Shot Blocked by Ryan Pulock.
0:14 of 1st period - Slapshot by Oliver Kylington.
0:14 of 1st period - Stopped by Brandon Halverson without a rebound.
0:15 of 1st period - Rhett Gardner wins face-off versus Nick Abruzzese in Checkers zone.
1:28 of 1st period - Snap shot by Rhett Gardner.
1:28 of 1st period - Shot Misses the Net.
1:30 of 1st period - Snap shot by Rhett Gardner.
1:30 of 1st period - Stopped by Brandon Halverson with a rebound.
1:42 of 1st period - Oliver Kylington is hit by Alexander Romanov and loses puck.
2:10 of 1st period - Nick Abruzzese is hit by Joe Labate and loses puck.
2:25 of 1st period - Wrist shot by Nathan Walker.
2:25 of 1st period - Stopped by Kaapo Kahkonen without a rebound.
2:26 of 1st period - Dylan Gambrell wins face-off versus Steven Spinner in Islander zone.
2:27 of 1st period - Wrist shot by Patrick Brown.
2:27 of 1st period - Shot Misses the Net.
2:33 of 1st period - Wrist shot by Filip Zadina.
2:33 of 1st period - Shot Blocked by Nathan Walker.
2:35 of 1st period - Slapshot by Jakub Galvas.
2:35 of 1st period - Stopped by Brandon Halverson with a rebound.
2:37 of 1st period - Slapshot by Jakub Galvas.
2:37 of 1st period - Shot Misses the Net.
2:39 of 1st period - Backhand shot by Alex Steeves.
2:39 of 1st period - Shot Misses the Net.
2:41 of 1st period - Snap shot by Alex Steeves.
2:41 of 1st period - Stopped by Brandon Halverson with a rebound.
2:51 of 1st period - Alex Steeves is hit by Patrick Brown and loses puck.
5:00 of 1st period - Backhand shot by Filip Zadina.
5:00 of 1st period - Stopped by Brandon Halverson without a rebound.
5:01 of 1st period - Matias Maccelli wins face-off versus Joe Labate in Checkers zone.
5:08 of 1st period - Wrist shot by Nick Abruzzese.
5:08 of 1st period - Shot Misses the Net.
5:12 of 1st period - Snap shot by Nick Abruzzese.
5:12 of 1st period - Deflect By Ben Thomson.
5:12 of 1st period - Stopped by Kaapo Kahkonen with a rebound.
5:26 of 1st period - Viktor Baldayev is hit by Rhett Gardner and loses puck.
6:15 of 1st period - Snap shot by Joe Labate.
6:15 of 1st period - Stopped by Brandon Halverson with a rebound.
6:17 of 1st period - Slapshot by Austin Watson.
6:17 of 1st period - Shot Misses the Net.
7:00 of 1st period - Brendan Leipsic is hit by Jake Walman.
7:04 of 1st period - Jake Walman is hit by Mitchell Heard and loses puck.
7:41 of 1st period - Austin Watson is hit by Tyce Thompson and loses puck.
8:00 of 1st period - Icing by Austin Poganski.
8:01 of 1st period - Philip Tomasino wins face-off versus Tyce Thompson in Checkers zone.
8:06 of 1st period - Snap shot by Philip Tomasino.
8:06 of 1st period - Shot Misses the Net.
8:53 of 1st period - Mitchell Heard is hit by Philip Tomasino and loses puck.
9:42 of 1st period - Mitchell Heard is hit by Noah Cates and loses puck.
10:17 of 1st period - Austin Poganski is hit by Tyrell Goulbourne and loses puck.
11:19 of 1st period - Icing by Moritz Seider.
11:20 of 1st period - Mitchell Heard wins face-off versus Joe Labate in Checkers zone.
11:51 of 1st period - Off-side.
11:52 of 1st period - Dylan Gambrell wins face-off versus Rhett Gardner in neutral zone.
12:08 of 1st period - Rhett Gardner is hit by Viktor Baldayev and loses puck.
12:24 of 1st period - Ben Thomson is hit by Mitchell Heard and loses puck.
12:40 of 1st period - Snap shot by Ben Thomson.
12:40 of 1st period - Shot Misses the Net.
13:02 of 1st period - Radovan Bondra is hit by Roberts Lipsbergs and loses puck.
13:21 of 1st period - Snap shot by Kirill Marchenko.
13:21 of 1st period - Stopped by Brandon Halverson with a rebound.
15:02 of 1st period - Austin Watson is hit by Matias Maccelli and loses puck.
16:36 of 1st period - Ben Thomson is hit by Matias Maccelli.
16:54 of 1st period - Slapshot by Brendan Leipsic.
16:54 of 1st period - Stopped by Kaapo Kahkonen without a rebound.
16:55 of 1st period - Joe Labate wins face-off versus Dylan Gambrell in Islander zone.
17:02 of 1st period - Michael Anderson is hit by Joe Labate and loses puck.
17:09 of 1st period - Jakub Galvas is hit by Alexander Romanov.
17:23 of 1st period - Casey Staum is hit by Mitchell Heard.
17:51 of 1st period - Moritz Seider is hit by Rhett Gardner and loses puck.
18:02 of 1st period - Rhett Gardner is hit by Viktor Baldayev.
18:11 of 1st period - Nick Abruzzese is hit by Tyrell Goulbourne and loses puck.
18:25 of 1st period - Rhett Gardner is hit by Austin Poganski and loses puck.
18:32 of 1st period - Casey Staum is hit by Matias Maccelli and loses puck.
18:39 of 1st period - Austin Poganski is hit by Casey Staum and loses puck.
18:52 of 1st period - Slapshot by Tyrell Goulbourne.
18:52 of 1st period - Stopped by Brandon Halverson with a rebound.
18:54 of 1st period - Snap shot by Tyrell Goulbourne.
18:54 of 1st period - Stopped by Brandon Halverson with a rebound.
19:21 of 1st period - Off-side.
19:22 of 1st period - Dylan Gambrell wins face-off versus Joe Labate in neutral zone.
19:30 of 1st period - Backhand shot by Ben Thomson.
19:30 of 1st period - Stopped by Brandon Halverson without a rebound.
19:31 of 1st period - Patrick Brown wins face-off versus Joe Labate in Checkers zone.
19:42 of 1st period - Snap shot by Austin Watson.
19:42 of 1st period - Shot Misses the Net.
19:44 of 1st period - Wrist shot by Jakub Galvas.
19:44 of 1st period - Stopped by Brandon Halverson with a rebound.
19:46 of 1st period - Wrist shot by Joe Labate.
19:46 of 1st period - Shot Blocked by Nathan Walker.
Goals for this period are 0 for Islander vs 0 for Checkers.
Shots for this period are 11 for Islander vs 3 for Checkers.

2nd period


0:01 of 2nd period - Dylan Gambrell wins face-off versus Joe Labate in neutral zone.
0:26 of 2nd period - Kirill Marchenko is hit by Viktor Baldayev and loses puck.
0:45 of 2nd period - Minor Penalty to Tyrell Goulbourne for Slashing.
0:46 of 2nd period - Dylan Gambrell wins face-off versus Joe Labate in Islander zone.
1:11 of 2nd period - Joe Labate is hit by Matias Maccelli and loses puck.
1:16 of 2nd period - Snap shot by Nick Abruzzese.
1:16 of 2nd period - Shot Hit the Post.
1:44 of 2nd period - Nathan Walker is hit by Noah Cates.
2:15 of 2nd period - Wrist shot by Nathan Walker.
2:15 of 2nd period - Stopped by Kaapo Kahkonen without a rebound.
2:16 of 2nd period - Nick Abruzzese wins face-off versus Rhett Gardner in Islander zone.
2:27 of 2nd period - Wrist shot by Nick Abruzzese.
2:27 of 2nd period - Stopped by Kaapo Kahkonen without a rebound.
2:28 of 2nd period - Joe Labate wins face-off versus Nick Abruzzese in Islander zone.
2:39 of 2nd period - Ben Thomson is hit by Austin Poganski and loses puck.
2:45 of 2nd period - Penalty to Tyrell Goulbourne is over, Tyrell Goulbourne is back on ice.
2:58 of 2nd period - Wrist shot by Filip Zadina.
2:58 of 2nd period - Deflect By Steven Spinner.
2:58 of 2nd period - Shot Misses the Net.
2:58 of 2nd period - Puck is out of play.
2:59 of 2nd period - Mitchell Heard wins face-off versus Alex Steeves in Checkers zone.
3:04 of 2nd period - Snap shot by Brendan Leipsic.
3:04 of 2nd period - Stopped by Kaapo Kahkonen with a rebound.
3:08 of 2nd period - Slapshot by Mitchell Heard.
3:08 of 2nd period - Stopped by Kaapo Kahkonen without a rebound.
3:09 of 2nd period - Dylan Gambrell wins face-off versus Joe Labate in Islander zone.
3:22 of 2nd period - Snap shot by Patrick Brown.
3:22 of 2nd period - Stopped by Kaapo Kahkonen without a rebound.
3:23 of 2nd period - Kirill Marchenko wins face-off versus Dylan Gambrell in Islander zone.
3:28 of 2nd period - Slapshot by Oliver Kylington.
3:28 of 2nd period - Shot Misses the Net.
3:39 of 2nd period - Icing by Ryan Pulock.
3:40 of 2nd period - Joe Labate wins face-off versus Dylan Gambrell in Checkers zone.
3:51 of 2nd period - Slapshot by Ben Thomson.
3:51 of 2nd period - Shot Blocked by Timothy Liljegren.
3:53 of 2nd period - Snap shot by Austin Watson.
3:53 of 2nd period - Shot Misses the Net.
3:55 of 2nd period - Slapshot by Oliver Kylington.
3:55 of 2nd period - Shot Blocked by Nathan Walker.
4:09 of 2nd period - Wrist shot by Nick Abruzzese.
4:09 of 2nd period - Shot Blocked by Jake Walman.
4:31 of 2nd period - Snap shot by Brendan Leipsic.
4:31 of 2nd period - Shot Misses the Net.
4:42 of 2nd period - Icing by Jakub Galvas.
4:43 of 2nd period - Alex Steeves wins face-off versus Shane Bowers in Islander zone.
5:20 of 2nd period - Slapshot by Moritz Seider.
5:20 of 2nd period - Shot Misses the Net.
5:35 of 2nd period - Minor Penalty to Alexander Romanov for Slashing.
5:36 of 2nd period - Mitchell Heard wins face-off versus Joe Labate in Checkers zone.
7:32 of 2nd period - Snap shot by Filip Zadina.
7:32 of 2nd period - Shot Misses the Net.
7:35 of 2nd period - Penalty to Alexander Romanov is over, Alexander Romanov is back on ice.
8:07 of 2nd period - Oliver Kylington is hit by Viktor Baldayev.
8:37 of 2nd period - Icing by Austin Poganski.
8:38 of 2nd period - Shane Bowers wins face-off versus Rhett Gardner in Checkers zone.
9:11 of 2nd period - Snap shot by Noah Cates.
9:11 of 2nd period - Shot Misses the Net.
9:28 of 2nd period - Brendan Leipsic is hit by Steven Spinner and loses puck.
10:11 of 2nd period - Snap shot by Shane Bowers.
10:11 of 2nd period - Shot Blocked by Tyrell Goulbourne.
10:45 of 2nd period - Backhand shot by Nick Abruzzese.
10:45 of 2nd period - Shot Blocked by Jake Walman.
10:47 of 2nd period - Snap shot by Nick Abruzzese.
10:47 of 2nd period - Stopped by Kaapo Kahkonen with a rebound.
10:49 of 2nd period - Snap shot by Matias Maccelli.
10:49 of 2nd period - Stopped by Kaapo Kahkonen with a rebound.
10:51 of 2nd period - Snap shot by Matias Maccelli.
10:51 of 2nd period - Stopped by Kaapo Kahkonen with a rebound.
10:53 of 2nd period - Snap shot by Austin Poganski.
10:53 of 2nd period - Deflect By Matias Maccelli.
10:53 of 2nd period - Stopped by Kaapo Kahkonen with a rebound.
10:55 of 2nd period - Slapshot by Michael Anderson.
10:55 of 2nd period - Stopped by Kaapo Kahkonen without a rebound.
10:56 of 2nd period - Patrick Brown wins face-off versus Rhett Gardner in Islander zone.
10:57 of 2nd period - Backhand shot by Nathan Walker.
10:57 of 2nd period - Shot Misses the Net.
11:24 of 2nd period - Timothy Liljegren is hit by Casey Staum and loses puck.
11:29 of 2nd period - Snap shot by Brendan Leipsic.
11:29 of 2nd period - Shot Blocked by Jakub Galvas.
11:33 of 2nd period - Slapshot by Brendan Leipsic.
11:33 of 2nd period - Shot Misses the Net.
11:45 of 2nd period - Slapshot by Jakub Galvas.
11:45 of 2nd period - Shot Blocked by Viktor Baldayev.
11:47 of 2nd period - Slapshot by Steven Spinner.
11:47 of 2nd period - Deflect By Filip Zadina.
11:47 of 2nd period - Stopped by Brandon Halverson with a rebound.
11:49 of 2nd period - Slapshot by Casey Staum.
11:49 of 2nd period - Deflect By Filip Zadina.
11:49 of 2nd period - Stopped by Brandon Halverson with a rebound.
11:51 of 2nd period - Backhand shot by Alex Steeves.
11:51 of 2nd period - Stopped by Brandon Halverson without a rebound.
11:52 of 2nd period - Dylan Gambrell wins face-off versus Rhett Gardner in Checkers zone.
12:27 of 2nd period - Oliver Kylington is hit by Austin Poganski and loses puck.
12:46 of 2nd period - Snap shot by Brendan Leipsic.
12:46 of 2nd period - Shot Misses the Net.
13:02 of 2nd period - Snap shot by Noah Cates.
13:02 of 2nd period - Stopped by Brandon Halverson without a rebound.
13:03 of 2nd period - Radovan Bondra wins face-off versus Dylan Gambrell in Checkers zone.
14:10 of 2nd period - Alex Steeves is hit by Michael Anderson and loses puck.
14:25 of 2nd period - Minor Penalty to Dylan Gambrell for Roughing.
14:26 of 2nd period - Mitchell Heard wins face-off versus Ben Thomson in Checkers zone.
14:37 of 2nd period - Slapshot by Oliver Kylington.
14:37 of 2nd period - Shot Misses the Net.
14:47 of 2nd period - Patrick Brown is hit by Austin Watson and loses puck.
16:25 of 2nd period - Penalty to Dylan Gambrell is over, Dylan Gambrell is back on ice.
16:36 of 2nd period - Oliver Kylington is hit by Michael Anderson and loses puck.
17:05 of 2nd period - Slapshot by Nick Abruzzese.
17:05 of 2nd period - Shot Misses the Net.
17:29 of 2nd period - Radovan Bondra is hit by Mitchell Heard and loses puck.
17:56 of 2nd period - Minor Penalty to Roberts Lipsbergs for Cross-checking.
17:57 of 2nd period - Joe Labate wins face-off versus Mitchell Heard in Checkers zone.
18:01 of 2nd period - Wrist shot by Joe Labate.
18:01 of 2nd period - Shot Blocked by Viktor Baldayev.
18:03 of 2nd period - Snap shot by Austin Watson.
18:03 of 2nd period - Shot Misses the Net.
18:05 of 2nd period - Snap shot by Jakub Galvas.
18:05 of 2nd period - Deflect By Joe Labate.
18:05 of 2nd period - Shot Blocked by Mitchell Heard.
18:05 of 2nd period - Puck is out of play.
18:06 of 2nd period - Mitchell Heard wins face-off versus Joe Labate in Checkers zone.
19:02 of 2nd period - Snap shot by Dylan Gambrell.
19:02 of 2nd period - Stopped by Kaapo Kahkonen without a rebound.
19:03 of 2nd period - Rhett Gardner wins face-off versus Mitchell Heard in Islander zone.
19:14 of 2nd period - Slapshot by Oliver Kylington.
19:14 of 2nd period - Shot Misses the Net.
19:16 of 2nd period - Wrist shot by Oliver Kylington.
19:16 of 2nd period - Shot Misses the Net.
19:18 of 2nd period - Wrist shot by Rhett Gardner.
19:18 of 2nd period - Shot Misses the Net.
19:32 of 2nd period - Slapshot by Nathan Walker.
19:32 of 2nd period - Stopped by Kaapo Kahkonen without a rebound.
19:33 of 2nd period - Dylan Gambrell wins face-off versus Rhett Gardner in Islander zone.
19:56 of 2nd period - Penalty to Roberts Lipsbergs is over, Roberts Lipsbergs is back on ice.
Goals for this period are 0 for Islander vs 0 for Checkers.
Shots for this period are 4 for Islander vs 12 for Checkers.

3rd period


0:01 of 3rd period - Dylan Gambrell wins face-off versus Joe Labate in neutral zone.
1:24 of 3rd period - Off-side.
1:25 of 3rd period - Philip Tomasino wins face-off versus Shane Bowers in neutral zone.
1:25 of 3rd period - Oliver Kylington is hit by Moritz Seider and loses puck.
1:35 of 3rd period - Slapshot by Oliver Kylington.
1:35 of 3rd period - Shot Misses the Net.
1:58 of 3rd period - Slapshot by Tyrell Goulbourne.
1:58 of 3rd period - Shot Misses the Net.
2:22 of 3rd period - Slapshot by Timothy Liljegren.
2:22 of 3rd period - Stopped by Kaapo Kahkonen with a rebound.
3:22 of 3rd period - Snap shot by Patrick Brown.
3:22 of 3rd period - Stopped by Kaapo Kahkonen without a rebound.
3:23 of 3rd period - Joe Labate wins face-off versus Dylan Gambrell in Islander zone.
3:36 of 3rd period - Snap shot by Austin Watson.
3:36 of 3rd period - Deflect By Ben Thomson.
3:36 of 3rd period - Shot Misses the Net.
3:36 of 3rd period - Puck is out of play.
3:37 of 3rd period - Joe Labate wins face-off versus Dylan Gambrell in Checkers zone.
3:41 of 3rd period - Minor Penalty to Dylan Gambrell for Interference.
3:42 of 3rd period - Mitchell Heard wins face-off versus Joe Labate in Checkers zone.
3:42 of 3rd period - Mitchell Heard is hit by Joe Labate.
3:51 of 3rd period - Wrist shot by Mitchell Heard.
3:51 of 3rd period - Stopped by Kaapo Kahkonen with a rebound.
3:53 of 3rd period - Slapshot by Ryan Pulock.
3:53 of 3rd period - Shot Blocked by Jake Walman.
4:13 of 3rd period - Slapshot by Oliver Kylington.
4:13 of 3rd period - Goal by Oliver Kylington - Islander : 1 - Checkers : 0.
4:14 of 3rd period - Joe Labate wins face-off versus Nathan Walker in neutral zone.
4:43 of 3rd period - Kieffer Bellows is hit by Joe Labate and loses puck.
5:27 of 3rd period - Wrist shot by Roberts Lipsbergs.
5:27 of 3rd period - Shot Blocked by Jake Walman.
5:38 of 3rd period - Oliver Kylington is hit by Nathan Walker.
5:59 of 3rd period - Minor Penalty to Patrick Brown for Hooking.
6:00 of 3rd period - Mitchell Heard wins face-off versus Rhett Gardner in Checkers zone.
7:08 of 3rd period - Viktor Baldayev is hit by Noah Cates and loses puck.
7:37 of 3rd period - Casey Staum is hit by Michael Anderson and loses puck.
7:59 of 3rd period - Penalty to Patrick Brown is over, Patrick Brown is back on ice.
8:12 of 3rd period - Ville Heinola is hit by Nick Abruzzese and loses puck.
8:45 of 3rd period - Noah Cates is hit by Roberts Lipsbergs and loses puck.
8:58 of 3rd period - Tyrell Goulbourne is hit by Nathan Walker and loses puck.
9:29 of 3rd period - Noah Cates is hit by Nathan Walker and loses puck.
10:33 of 3rd period - Alexander Romanov is hit by Jake Walman and loses puck.
10:48 of 3rd period - Wrist shot by Austin Watson.
10:48 of 3rd period - Stopped by Brandon Halverson without a rebound.
10:49 of 3rd period - Joe Labate wins face-off versus Mitchell Heard in Checkers zone.
10:52 of 3rd period - Snap shot by Austin Watson.
10:52 of 3rd period - Shot Misses the Net.
10:58 of 3rd period - Snap shot by Joe Labate.
10:58 of 3rd period - Shot Blocked by Michael Anderson.
11:10 of 3rd period - Brendan Leipsic is hit by Jakub Galvas and loses puck.
11:33 of 3rd period - Minor Penalty to Viktor Baldayev for Tripping.
11:34 of 3rd period - Joe Labate wins face-off versus Mitchell Heard in Checkers zone.
11:50 of 3rd period - Snap shot by Joe Labate.
11:50 of 3rd period - Stopped by Brandon Halverson with a rebound.
12:04 of 3rd period - Wrist shot by Nathan Walker.
12:04 of 3rd period - Shot Blocked by Jake Walman.
12:06 of 3rd period - Wrist shot by Dylan Gambrell.
12:06 of 3rd period - Shot Misses the Net.
13:17 of 3rd period - Icing by Oliver Kylington.
13:18 of 3rd period - Joe Labate wins face-off versus Mitchell Heard in Islander zone.
13:33 of 3rd period - Penalty to Viktor Baldayev is over, Viktor Baldayev is back on ice.
13:52 of 3rd period - Slapshot by Nick Abruzzese.
13:52 of 3rd period - Goal by Nick Abruzzese - Islander : 1 - Checkers : 1.
13:53 of 3rd period - Dylan Gambrell wins face-off versus Joe Labate in neutral zone.
14:08 of 3rd period - Minor Penalty to Austin Watson for Slashing.
14:09 of 3rd period - Joe Labate wins face-off versus Dylan Gambrell in Islander zone.
14:16 of 3rd period - Off-side.
14:17 of 3rd period - Dylan Gambrell wins face-off versus Joe Labate in neutral zone.
14:22 of 3rd period - Wrist shot by Dylan Gambrell.
14:22 of 3rd period - Shot Misses the Net.
15:56 of 3rd period - Jake Walman is hit by Patrick Brown and loses puck.
16:08 of 3rd period - Penalty to Austin Watson is over, Austin Watson is back on ice.
16:19 of 3rd period - Slapshot by Oliver Kylington.
16:19 of 3rd period - Stopped by Brandon Halverson with a rebound.
16:39 of 3rd period - Rhett Gardner is hit by Roberts Lipsbergs and loses puck.
16:44 of 3rd period - Slapshot by Shane Bowers.
16:44 of 3rd period - Stopped by Kaapo Kahkonen without a rebound.
16:45 of 3rd period - Alex Steeves wins face-off versus Shane Bowers in Islander zone.
17:00 of 3rd period - Backhand shot by Filip Zadina.
17:00 of 3rd period - Shot Misses the Net.
17:40 of 3rd period - Wrist shot by Nick Abruzzese.
17:40 of 3rd period - Stopped by Kaapo Kahkonen with a rebound.
18:08 of 3rd period - Slapshot by Rhett Gardner.
18:08 of 3rd period - Goal by Rhett Gardner - Islander : 2 - Checkers : 1.
18:09 of 3rd period - Alex Steeves wins face-off versus Mitchell Heard in neutral zone.
18:18 of 3rd period - Timothy Liljegren is hit by Alex Steeves and loses puck.
18:35 of 3rd period - Timothy Liljegren is hit by Joe Labate.
18:41 of 3rd period - Wrist shot by Joe Labate.
18:41 of 3rd period - Shot Misses the Net.
18:43 of 3rd period - Wrist shot by Ben Thomson.
18:43 of 3rd period - Shot Misses the Net.
18:45 of 3rd period - Snap shot by Austin Watson.
18:45 of 3rd period - Stopped by Brandon Halverson with a rebound.
18:59 of 3rd period - Dylan Gambrell is hit by Joe Labate and loses puck.
19:30 of 3rd period - Snap shot by Ben Thomson.
19:30 of 3rd period - Shot Misses the Net.
19:32 of 3rd period - Snap shot by Ben Thomson.
19:32 of 3rd period - Shot Blocked by Alexander Romanov.
19:34 of 3rd period - Snap shot by Joe Labate.
19:34 of 3rd period - Shot Misses the Net.
19:36 of 3rd period - Wrist shot by Joe Labate.
19:36 of 3rd period - Deflect By Austin Watson.
19:36 of 3rd period - Stopped by Brandon Halverson without a rebound.
19:37 of 3rd period - Pavel Bure call a timeout for Checkers.
19:37 of 3rd period - Austin Watson wins face-off versus Dylan Gambrell in Checkers zone.
19:40 of 3rd period - Slapshot by Ben Thomson.
19:40 of 3rd period - Goal by Ben Thomson - Islander : 3 - Checkers : 1.
19:41 of 3rd period - Mitchell Heard wins face-off versus Alex Steeves in neutral zone.
19:43 of 3rd period - Minor Penalty to Brendan Leipsic for High sticking.
19:44 of 3rd period - Joe Labate wins face-off versus Mitchell Heard in Checkers zone.
Goals for this period are 3 for Islander vs 1 for Checkers.
Shots for this period are 8 for Islander vs 6 for Checkers.